 Dungeon Crawl Stone Soup version 0.20-a0-1127-g1289703 (webtiles) character file.

75960 Zwobot the Fighter (level 15, 119/119 HPs)
             Began as a Gnoll Warper on May 18, 2017.
             Was the Champion of Ashenzari.
             Quit the game on level 6 of the Lair of Beasts.
             The game lasted 01:54:44 (26509 turns).

Zwobot the Fighter (Gnoll Warper)                  Turns: 26509, Time: 01:54:45

Health: 119/119    AC: 15    Str: 12    XL:     15   Next: 51%
Magic:  28/28      EV: 18    Int: 18    God:    Ashenzari [******]
Gold:   1202       SH: 14    Dex: 14    Spells: 5/32 levels left

rFire    . . .     SeeInvis +   l - +3 whip (elec) (curse)
rCold    . . .     Gourm    .   S - +0 buckler (curse)
rNeg     . . .     Faith    .   E - +2 acid dragon scales (curse)
rPois    +         Spirit   .   P - +1 helmet (curse)
rElec    .         Reflect  +   x - scarf {cloud immunity}
rCorr    +         Harm     .   u - +0 pair of gloves
MR       .....     Clarity  +   C - +2 pair of boots (curse)
Stlth    ++++......             g - +4 amulet of reflection
Regen    0.3/turn               c - ring of poison resistance
MPRegen  0.3/turn               (no ring)

@: no status effects
A: short attention span, fangs 1, large bone plates 1, deformed body, strong
nose
a: Curse Item, Scrying, Transfer Knowledge, Renounce Religion


You were on level 6 of the Lair of Beasts.
You worshipped Ashenzari.
Ashenzari was exalted by your worship.
You were not hungry.

You visited 3 branches of the dungeon, and saw 21 of its levels.
You visited the Abyss 1 time.
You also visited: Sewer and Volcano.

You collected 1635 gold pieces.
You spent 433 gold pieces at shops.

Inventory:

Hand Weapons
 l - a cursed +3 whip of electrocution (weapon)
 O - the +8 whip "Snakebite" {curare, rPois}
   (You found it on level 4 of the Lair of Beasts)

   It poisons the flesh of those it strikes.
   It protects you from poison.
Missiles
 e - 4 tomahawks of dispersal
 h - 615 stones (quivered)
Armour
 u - a +0 pair of gloves (worn)
 x - a scarf of cloud immunity (worn)
 C - a cursed +2 pair of boots (worn)
 E - cursed +2 acid dragon scales (worn)
 I - a +0 shield
 P - a cursed +1 helmet (worn)
 S - a cursed +0 buckler (worn)
Jewellery
 c - a ring of poison resistance (left hand)
 g - a +4 amulet of reflection (around neck)
 i - an uncursed ring of ice
 q - an uncursed amulet of magic regeneration
 J - an uncursed ring of fire
 K - an uncursed ring of stealth
Wands
 p - a wand of lightning (4/15)
 y - a wand of iceblast (7/15)
 A - a wand of confusion (9/48)
 L - a wand of disintegration (12/24)
 M - a wand of iceblast (12/15)
 N - a wand of digging (9/24)
 U - a wand of iceblast (8/15)
 Z - a wand of paralysis (18/24)
Scrolls
 b - 3 scrolls of remove curse
 d - 4 scrolls of blinking
 k - a scroll of fog
 o - 10 scrolls of recharging
 t - 2 scrolls of fear
 v - 4 scrolls of magic mapping
 z - 5 scrolls of teleportation
 Q - a scroll of amnesia
 T - 2 scrolls of brand weapon
 X - a scroll of random uselessness {unknown}
 Y - a scroll of immolation {unknown}
Potions
 a - 3 potions of curing
 j - 2 potions of magic
 s - 2 potions of lignification
 w - 2 potions of agility
 D - 2 potions of brilliance
 G - 2 potions of heal wounds
 H - a potion of cancellation
 R - a potion of resistance
Books
 m - a book of Frost

   Spells                             Type                      Level
   a - Freeze                         Ice                          1
   b - Throw Frost                    Conjuration/Ice              2
   c - Ozocubu's Armour               Charms/Ice                   3
   d - Throw Icicle                   Conjuration/Ice              4
   e - Summon Ice Beast               Ice/Summoning                4
 F - a book of Ice

   Spells                             Type                      Level
   a - Ice Form                       Ice/Transmutation            4
   b - Metabolic Englaciation         Hexes/Ice                    5
   c - Ozocubu's Refrigeration        Ice                          6
   d - Bolt of Cold                   Conjuration/Ice              6
   e - Freezing Cloud                 Conjuration/Ice/Air          6
   f - Simulacrum                     Ice/Necromancy               6
Miscellaneous
 V - a fan of gales
 W - a sack of spiders
Comestibles
 f - 11 bread rations
 n - a chunk of flesh
 r - 19 royal jellies
 B - 8 meat rations


   Skills:
 - Level 11.5 Fighting
 - Level 10.7(12.2) Maces & Flails
 - Level 1.7 Throwing
 - Level 10.2 Armour
 + Level 10.3(11.4) Dodging
 - Level 6.8(9.5) Stealth
 - Level 7.8(10.0) Shields
 + Level 9.3 Spellcasting
 - Level 9.0 Conjurations
 - Level 7.0 Necromancy
 - Level 7.0 Translocations
 - Level 8.0 Fire Magic
 - Level 7.0 Evocations


You had 5 spell levels left.
You knew the following spells:

 Your Spells              Type           Power        Failure   Level  Hunger
a - Blink                 Tloc           N/A          1%          2    None
b - Gell's Gravitas       Tloc           ####......   1%          3    None
c - Shroud of Golubria    Chrm/Tloc      ###.......   4%          2    None
d - Corpse Rot            Necr           N/A          1%          2    None
e - Lesser Beckoning      Tloc           ####......   1%          3    None
f - Teleport Other        Tloc           ####....     1%          3    None
g - Passage of Golubria   Tloc           N/A          6%          4    ###....
h - Flame Tongue          Conj/Fire      #####        1%          1    None
i - Conjure Flame         Conj/Fire      #####...     1%          3    None
j - Sticky Flame          Conj/Fire      #####...     3%          4    ###....


Dungeon Overview and Level Annotations

Branches:
Dungeon (14/15)            Temple (1/1) D:6            Lair (6/6) D:10
  Swamp (0/4) Lair:3       Spider (0/4) Lair:2        Slime (0/5) Lair:5
    Orc (0/2) D:12         Vaults (0/5) D:13

Altars:
Ashenzari
Cheibriados
Dithmenos
Elyvilon
Fedhas
Gozag
Hepliaklqana
Kikubaaqudgha
Makhleb
Nemelex Xobeh
Okawaru
Qazlal
Ru
Sif Muna
Trog
Uskayaw
Vehumet
Wu Jian
Xom
Yredelemnul
Zin
The Shining One

Shops:
D:6 [   D:7 [

Annotations:
D:10 exclusion: sensed monster (detected)


Innate Abilities, Weirdness & Mutations

You have a short attention span.
You have very sharp teeth.
Your uncanny sense of smell can sniff out nearby items.
You are partially covered in large bone plates. (SH +4)
Armour fits poorly on your strangely shaped body.


Message History

HP restored.
Done exploring.
Okay, then.
Welcome back, Zwobot the Gnoll Warper.
Ashenzari says: Partake of my vision.
Partake of my curse.
Press ? for a list of commands and other information.
Quiver which item? (- for none, * to show all) (? for menu, Esc to quit)
Okay, then.
Unknown command.
Unknown command.
Unknown command.
Unknown command.
Quiver which item? (- for none, * to show all) (? for menu, Esc to quit)
Okay, then.
Unknown command. (m)acro, (M)acro raw, keymap [(k) default, (x) level-map, (t)argeting, (c)onfirm, m(e)nu], (s)ave?
Input default keymap trigger key: \{-1011} Input default keymap action: \{17} Created default keymap '\{-1011}' => '\{17}'.
Are you sure you want to abandon this character and quit the game? (Confirm with "yes".)

## ### #.##.#### #
### ##..##..# ##
##.#####.#..@..#
.####.#.##.........#
.#.#P..............#
.†#................#
P..................#
...................#
...................#
...................#
...................#


There were no monsters in sight!

Vanquished Creatures
  8 hydras
  A catoblepas (Lair:6)
  9 death yaks (Lair:6)
  3 two-headed ogres
  A queen ant (Lair:2)
  A salamander mystic (Lair:2)
  2 unseen horrors
  A wizard (D:13)
  3 lindwurms (Lair:6)
  An oklob plant (Lair:5)
  2 ugly things (D:13)
  3 cyclopes
  4 black mambas
  A wolf spider (Lair:1)
  5 centaur zombies
  5 manticores
  A salamander (Volcano)
  2 elephants (Lair:6)
  3 torpor snails (Lair:6)
  A gargoyle (D:13)
  13 spiny frogs
  3 rime drakes (Lair:6)
  13 komodo dragons
  A queen bee (Lair:1)
  4 trolls
  A polar bear (Lair:4)
  A hornet (Lair:1)
  3 slime creatures (Lair:5)
  24 blink frogs
  6 hippogriffs
  29 dream sheep
  A shadow (D:12)
  A spriggan (D:10)
  50 yaks
  2 wyverns
  A wraith (D:13)
  4 fire bats (Volcano)
  3 hungry ghosts
  7 basilisks
  4 swamp worms (Lair:3)
  20 water moccasins
  2 acid dragons (D:13)
  21 soldier ants
  12 porcupines
  2 orc warriors
  5 black bears
  2 hornet zombies
  5 ice beasts
  2 sky beasts
  A necrophage (D:11)
  6 centaurs
  3 phantoms
  An eye of draining (D:8)
  9 ogres
  19 wolves
  15 crocodiles
  A big kobold (D:12)
  16 bullfrogs
  Blork the orc (D:4)
  A gnoll sergeant (D:10)
  A wyvern zombie (D:13)
  A wyvern skeleton (D:8)
  3 scorpions
  34 killer bees
  4 wights (D:8)
  An electric eel (Lair:3)
  6 jellies
  8 howler monkeys
  5 crimson imps
  A bullfrog zombie (D:12)
  2 quasits
  3 centaur skeletons
  3 hounds
  5 orc priests
  A bullfrog skeleton (D:12)
  5 orc wizards
  31 worker ants
  3 iguanas
  2 killer bee zombies
  A hound zombie (D:5)
  A hound skeleton (D:11)
  A worker ant zombie (D:4)
  12 gnolls
  27 adders
  A river rat (D:3)
  2 shadow imps
  10 oozes
  2 adder zombies
  An adder skeleton (D:4)
  6 worms
  A dart slug (D:1)
  16 leopard geckos
  32 orcs
  12 bats
  17 giant cockroaches
  8 goblins
  7 hobgoblins
  7 jackals (D:4)
  6 quokkas
  15 ball pythons
  17 frilled lizards
  8 kobolds
  A quokka skeleton (D:5)
  A quokka zombie (D:5)
  7 rats
  A plant (Lair:1)
711 creatures vanquished.

Vanquished Creatures (others)
  A wizard (D:13)
  18 fungi
  6 plants
25 creatures vanquished.

Grand Total: 736 creatures vanquished

Notes
Turn   | Place    | Note
-------+----------+-------------------------------------------
     0 | D:1      | Zwobot the Gnoll Warper began the quest for the Orb.
     0 | D:1      | Reached XP level 1. HP: 18/18 MP: 5/5
   150 | D:1      | Reached XP level 2. HP: 16/24 MP: 6/6
   745 | D:1      | Reached XP level 3. HP: 27/30 MP: 8/8
   804 | D:1      | Learned a level 2 spell: Blink
   808 | D:1      | Learned a level 3 spell: Gell's Gravitas
   811 | D:1      | Learned a level 2 spell: Shroud of Golubria
   996 | D:1      | Reached skill level 4 in Fighting
  1291 | D:2      | Found a faded altar of an unknown god.
  1313 | D:2      | Reached skill level 5 in Maces & Flails
  1514 | D:2      | Reached XP level 4. HP: 37/37 MP: 6/9
  1818 | D:2      | Found a shattered altar of Ashenzari.
  1821 | D:2      | Found a stormy altar of Qazlal.
  1826 | D:2      | Became a worshipper of Ashenzari the Shackled
  1963 | D:3      | Found a glowing drain.
  1967 | Sewer    | Entered a sewer
  2055 | Sewer    | Reached XP level 5. HP: 43/43 MP: 7/10
  2172 | Sewer    | Reached skill level 5 in Fighting
  2357 | Sewer    | Reached skill level 5 in Dodging
  2494 | Sewer    | Reached XP level 6. HP: 21/52 MP: 2/11
  2691 | Sewer    | Gained mutation: Armour fits poorly on your strangely shaped body. [potion of mutation]
  2691 | Sewer    | Gained mutation: You are partially covered in large bone plates. (SH +4) [potion of mutation]
  2828 | D:3      | Found a sacrificial altar of Ru.
  3121 | D:3      | Reached skill level 6 in Fighting
  3940 | D:4      | Noticed Blork the orc
  3953 | D:4      | Killed Blork the orc
  3953 | D:4      | Reached XP level 7. HP: 58/58 MP: 12/12
  4438 | D:5      | Entered Level 5 of the Dungeon
  4456 | D:5      | Found a burning altar of Makhleb.
  4581 | D:5      | Reached * piety under Ashenzari
  4684 | D:5      | Reached skill level 7 in Fighting
  4778 | D:5      | Reached XP level 8. HP: 54/67 MP: 10/13
  4864 | D:5      | Identified a scroll of acquirement
  5764 | D:6      | Found Oceviut's Antique Armour Shop.
  5906 | D:6      | Found a shimmering altar of Xom.
  5924 | D:6      | Found a staircase to the Ecumenical Temple.
  5942 | Temple   | Entered the Ecumenical Temple
  6224 | D:6      | Bought a pair of gloves for 139 gold pieces
  6224 | D:6      | Bought a pair of boots for 139 gold pieces
  6331 | D:7      | Reached XP level 9. HP: 65/74 MP: 14/14
  6343 | D:7      | Reached skill level 8 in Fighting
  6518 | D:7      | Identified Sawaamna's Papyrus of Dark Augmentations
  6523 | D:7      | Learned a level 2 spell: Corpse Rot
  6527 | D:7      | Learned a level 3 spell: Lesser Beckoning
  6531 | D:7      | Learned a level 3 spell: Teleport Other
  6601 | D:7      | Reached ** piety under Ashenzari
  6957 | D:7      | Found a stormy altar of Qazlal.
  6968 | D:7      | Found Yleseid's Armour Emporium.
  7074 | D:8      | Noticed a manticore
  7081 | D:8      | Killed a manticore
  7081 | D:8      | Reached skill level 10 in Maces & Flails
  7379 | D:8      | Reached skill level 5 in Translocations
  7405 | D:8      | Reached skill level 1 in Stealth
  7643 | D:8      | Reached XP level 10. HP: 34/82 MP: 14/16
  8006 | D:8      | Reached skill level 9 in Fighting
  8493 | D:6      | Bought a dyed leather armour for 155 gold pieces
  8608 | D:9      | Found a burning altar of Makhleb.
  8788 | D:9      | Found a white marble altar of Elyvilon.
  8789 | D:9      | Found a glowing silver altar of Zin.
  8790 | D:9      | Found a glowing golden altar of the Shining One.
  8821 | D:9      | Identified the cursed +1 halberd of Penotoar {chop, *Noise Str+6 Int-5 Dex+9}
  9239 | D:10     | Entered Level 10 of the Dungeon
  9326 | D:10     | Noticed a cyclops
  9341 | D:10     | Found a staircase to the Lair.
  9363 | D:10     | Reached skill level 5 in Evocations
  9432 | D:10     | Reached skill level 1 in Necromancy
  9826 | D:10     | Reached skill level 5 in Necromancy
  9918 | D:10     | Reached *** piety under Ashenzari
 10094 | D:10     | Reached XP level 11. HP: 89/89 MP: 17/17
 10585 | D:10     | Killed a cyclops
 10787 | D:11     | Learned a level 4 spell: Passage of Golubria
 10804 | D:11     | Reached skill level 5 in Spellcasting
 10815 | D:11     | Learned a level 1 spell: Flame Tongue
 10848 | D:11     | Noticed an unseen horror
 10858 | D:11     | Killed an unseen horror
 11242 | D:11     | Noticed a two-headed ogre
 11254 | D:11     | Killed a two-headed ogre
 11254 | D:11     | Reached skill level 1 in Conjurations
 11254 | D:11     | Reached skill level 1 in Fire Magic
 11289 | D:11     | Learned a level 3 spell: Conjure Flame
 11844 | D:12     | Reached skill level 10 in Fighting
 12063 | D:12     | Reached XP level 12. HP: 88/97 MP: 22/22
 12172 | D:12     | Reached skill level 5 in Fire Magic
 12245 | D:12     | Reached skill level 5 in Conjurations
 12267 | D:12     | Noticed a two-headed ogre
 12288 | D:12     | Killed a two-headed ogre
 12425 | D:12     | Found a staircase to the Orcish Mines.
 12510 | D:12     | Found a burning altar of Makhleb.
 13414 | D:13     | Cast into level 2 of the Abyss (a wizard)
 13423 | Abyss:2  | Noticed a thrashing horror
 13423 | Abyss:2  | Noticed a thrashing horror
 13428 | Abyss:2  | Noticed a bone dragon
 13445 | Abyss:2  | Noticed a great orb of eyes
 13453 | Abyss:2  | Reached **** piety under Ashenzari
 13460 | Abyss:2  | Noticed a thrashing horror
 13505 | Abyss:2  | HP: 1/97 [small abomination (12)]
 13718 | Abyss:2  | Noticed an Executioner
 13752 | Abyss:2  | Noticed a tentacled starspawn
 13795 | D:13     | Escaped the Abyss
 13807 | D:13     | Paralysed by a wizard for 3 turns
 13809 | D:13     | HP: 3/145 [wizard/bolt of lightning (10)]
 13819 | D:13     | Reached skill level 5 in Stealth
 14188 | D:13     | Found a gate to the Vaults.
 14285 | D:13     | Noticed a two-headed ogre
 14308 | D:13     | Killed a two-headed ogre
 15013 | D:13     | Reached skill level 5 in Armour
 15173 | Lair:1   | Entered Level 1 of the Lair of Beasts
 15187 | Lair:1   | Reached XP level 13. HP: 96/104 MP: 18/23
 16554 | Lair:1   | Reached skill level 10 in Dodging
 17953 | Lair:2   | Found a dark tunnel.
 17970 | Volcano  | Entered a volcano
 18034 | Volcano  | Found a burning altar of Makhleb.
 18034 | Volcano  | Noticed a red draconian
 19037 | Lair:2   | Reached skill level 10 in Armour
 19476 | Lair:2   | Found a hole to the Spider Nest.
 19607 | Lair:2   | Reached XP level 14. HP: 111/111 MP: 24/24
 20064 | D:13     | Learned a level 4 spell: Sticky Flame
 20247 | Lair:3   | Reached ***** piety under Ashenzari
 20793 | Lair:3   | Found a staircase to the Swamp.
 20932 | Lair:3   | Reached skill level 11 in Fighting
 21606 | Lair:4   | Reached skill level 5 in Shields
 23198 | Lair:5   | Identified the +2 long sword of Gehenna {speed, *Slow rF+ Dex+5}
 23336 | Lair:5   | Found a staircase to the Slime Pits.
 23734 | Lair:6   | Entered Level 6 of the Lair of Beasts
 24485 | Lair:6   | Reached ****** piety under Ashenzari
 24784 | Lair:6   | Reached XP level 15. HP: 110/119 MP: 7/27
 26509 | Lair:6   | Quit the game

Vault maps used:
D:1:      dpeg_arrival_refuge
D:2:      minitemple, first_bread, chequers_ecumenical_altar_island
D:3:      nicolae_ru_sacrificial_ziggurat, serial_co_window_serial,
          co_window_corner_a, co_window_corner_a, co_window_corner_a,
          co_window_paths_b, co_window_corner_a, co_window_corner_b,
          co_window_of_opportunity_b, co_window_cross_2,
          co_window_unsneaky_path_e, co_window_corner_ca, co_window_2corner,
          co_window_unsneaky_path_b, glass_columns_b, glass_columns_c,
          glass_columns_b, gup_sewer_entry_bowl
D:4:      uniq_blork_the_orc
D:5:      lemuel_round_altar
D:6:      overflow_temple_1_default, temple_statues, serial_shops, shop
D:7:      basic_altar, serial_shops, nicolae_shop_stone
D:9:      good_gods_temple_1, basic_altar
D:10:     minmay_lair_entry_grove, the_bakery, minivault_13
D:12:     david_orc_2, basic_altar
D:13:     david_vaults_1
D:14:     infiniplex_staircase_hallway_doors
Temple:   zaba_magenta_temple
Lair:1:   minmay_lair_venomous_thicket, special_room, serial_bayou_shore_a
Lair:2:   dummy_spider_entry, enter_volcano_1, minivault_29, lemuel_fruit_tree
Lair:3:   nicolae_swamp_entry_splash_gauntlet
Lair:4:   minmay_guarded_unrand_snakebite, st_stairs_4
Lair:5:   minmay_slime_entry_pillars, infiniplex_staircase_pool_2,
          grunt_megastairs_4
Lair:6:   hangedman_lair_in_review, grunt_megastairs_1
Sewer:    sewer_frog_island_02
Volcano:  volcano_grotto

Skill      XL: |  1  2  3  4  5  6  7  8  9 10 11 12 13 14 15 |
---------------+----------------------------------------------+-----
Maces & Flails | 4 5 6 7 8 9 10 | 10.7
Dodging        | 4 5 6 7 8 9 10 | 10.3
Fighting       | 4 5 6 7 8 9 10 11 | 11.5
Translocations | 5 7 |  7.0
Stealth        | 2 3 6 |  6.8
Spellcasting   | 4 7 8 9 |  9.3
Evocations     | 7 |  7.0
Necromancy     | 5 7 |  7.0
Shields        | 4 7 |  7.8
Conjurations   | 3 7 8 9 |  9.0
Fire Magic     | 4 7 8 |  8.0
Armour         | 6 10 | 10.2
Throwing       | |  1.7

Action                   |  1- 3 |  4- 6 |  7- 9 | 10-12 | 13-15 || total
-------------------------+-------+-------+-------+-------+-------++-------
Melee: Mace              |   169 |   286 |       |       |       ||   455
       Bite              |    13 |    24 |    24 |    70 |   114 ||   245
       Whip              |       |    42 |   327 |   758 |  1272 ||  2399
 Fire: Hunting sling     |       |     1 |       |       |       ||     1
Throw: Tomahawk          |       |     1 |       |       |       ||     1
       Stone             |       |       |    20 |    27 |    51 ||    98
 Cast: Shroud of Golubri |     6 |    24 |    24 |    44 |    20 ||   118
       Gell's Gravitas   |       |       |     4 |     2 |     1 ||     7
       Lesser Beckoning  |       |       |     1 |    36 |    47 ||    84
       Teleport Other    |       |       |     1 |     1 |       ||     2
       Corpse Rot        |       |       |       |    14 |    35 ||    49
       Conjure Flame     |       |       |       |    27 |    62 ||    89
       Blink             |       |       |       |     4 |     3 ||     7
       Sticky Flame      |       |       |       |       |    81 ||    81
       Flame Tongue      |       |       |       |       |     1 ||     1
Invok: Curse Item        |       |       |     1 |       |     4 ||     5
       Scrying           |       |       |       |       |     1 ||     1
Evoke: Wand              |       |       |       |     5 |     2 ||     7
  Use: Potion            |       |     6 |     1 |     7 |       ||    14
       Scroll            |       |       |     9 |    10 |     6 ||    25
 Stab: Sleeping          |       |     2 |       |    13 |    19 ||    34
       Distracted        |       |       |       |     1 |     1 ||     2
       Confused          |       |       |       |     4 |       ||     4
       Fleeing           |       |       |       |       |     1 ||     1
  Eat: Chunk             |     3 |     9 |    11 |    12 |    23 ||    58
       Fruit             |       |       |     1 |    11 |    13 ||    25
       Royal jelly       |       |       |     1 |       |       ||     1
       Meat ration       |       |       |       |     1 |       ||     1
       Bread ration      |       |       |       |       |     3 ||     3
Armor: Leather armour    |    30 |    48 |    13 |    45 |       ||   136
       Acid dragon scale |       |       |       |    13 |   173 ||   186
       Skin              |       |       |       |     7 |       ||     7
Dodge: Dodged            |   119 |   234 |   107 |   243 |   462 ||  1165
Block: Other             |    26 |    91 |    83 |    42 |       ||   242
       Reflection        |     1 |       |     5 |    13 |     2 ||    21
       Buckler           |       |       |       |   203 |   590 ||   793
